 Dungeon Crawl Stone Soup version 0.18-a0-1126-ga2d7f46 (webtiles) character file.

34 M4edhros the Charlatan (level 3, -2/23 HPs)
             Began as an Octopode Artificer on Jan 20, 2016.
             Slain by a worker ant (3 damage)
             ... on level 4 of the Dungeon.
             The game lasted 00:01:21 (793 turns).

M4edhros the Charlatan (Octopode Artificer)          Turns: 793, Time: 00:01:21

Health: -2/23      AC:  1    Str: 10    XL:     3   Next: 31%
Magic:  5/5        EV: 13    Int: 15    God:
Gold:   79         SH:  0    Dex: 12    Spells: 0 memorised, 2 levels left

rFire  . . .     SeeInvis .     m - -1 dagger (curse)
rCold  . . .     Gourm    .     (no shield)
rNeg   . . .     Faith    .     (helmet restricted)
rPois  .         Spirit   .     (no amulet)
rElec  .         Dismiss  .     (no ring)
rCorr  .         Reflect  .     (no ring)
SustAt .         Harm     .     (no ring)
MR     .....                    (no ring)
Stlth  +++.......               (no ring)
                                (no ring)
                                (no ring)
                                (no ring)

@: lethally poisoned (-2 -> -10), not resistant to hostile enchantments, fairly
stealthy
A: almost no armour, amphibious, 8 rings, constrict 8, camouflage 1, gelatinous
body 1
a: no special abilities


You were on level 4 of the Dungeon.
You were not hungry.

You visited 1 branch of the dungeon, and saw 4 of its levels.

You collected 79 gold pieces.

Inventory:

Hand Weapons
 a - a +0 short sword
 m - a cursed -1 dagger (weapon)
Missiles
 k - 16 sling bullets
 l - 32 stones (quivered)
Wands
 b - a wand of flame (11/48)
 c - a wand of enslavement (11/24)
 d - a wand of random effects (14/48)
Scrolls
 h - a scroll of magic mapping
Potions
 j - 2 potions of heal wounds {unknown}
Comestibles
 f - 2 bread rations
 g - a slice of pizza


   Skills:
 - Level 1.0 Fighting
 - Level 1.0 Short Blades
 * Level 2.8 Dodging
 * Level 2.7 Stealth
 + Level 3.6 Evocations


You had 2 spell levels left.
You didn't know any spells.

Dungeon Overview and Level Annotations

Branches:
Dungeon (4/15)
 Temple: D:4-7

Altars:


Innate Abilities, Weirdness & Mutations

You cannot wear most types of armour.
You are amphibious.
You can wear up to eight rings at the same time.
You can use your tentacles to constrict eight enemies at once.
Your skin changes colour to match your surroundings (Stealth).
Your rubbery body absorbs attacks (AC +1).


Message History

Evoke which item? (* to show all) (? for menu, Esc to quit)
Zapping:
c - a wand of enslavement (14/24)
Press: ? - help, Shift-Dir - straight line, f - orc
Aim: an orc, wielding a flail and wearing a ring mail (chance to defeat MR: 85%) Nothing appears to happen.
This wand has 13 charges left.
You feel sick. Something completely misses you.
Evoke which item? (* to show all) (? for menu, Esc to quit)
Zapping:
c - a wand of enslavement (13/24)
Press: ? - help, Shift-Dir - straight line, f - orc
Aim: an orc, wielding a flail and wearing a ring mail (chance to defeat MR: 85%) Nothing appears to happen.
This wand has 12 charges left.
Something bites you!
* * * LOW HITPOINT WARNING * * *
Evoke which item? (* to show all) (? for menu, Esc to quit)
Zapping:
c - a wand of enslavement (12/24)
Press: ? - help, Shift-Dir - straight line, f - orc
Aim: an orc, wielding a flail and wearing a ring mail (chance to defeat MR: 85%) Nothing appears to happen.
This wand has 11 charges left.
* * * LOW HITPOINT WARNING * * *
You feel sick. Something bites you.
You die...

###.....# #.......#
#.......# #.......#
#####.......### #
#............. #
.####...........# #. #
............o...' o. #
##...(@.......##.# +
#...............### #
#.................. ##
#..............#### #.
#..............# #.##
.###........†.....# #...
...........[#############
.#####.#.................
.....#....##########..#


You could see an orc.

Vanquished Creatures
  2 adders
  2 giant geckos
  A giant cockroach (D:1)
  4 hobgoblins
  2 bats
  2 kobolds
  3 rats
16 creatures vanquished.

Notes
Turn   | Place    | Note
--------------------------------------------------------------
     0 | D:1      | M4edhros the Octopode Artificer began the quest for the Orb.
     0 | D:1      | Reached XP level 1. HP: 13/13 MP: 3/3
   177 | D:1      | Reached XP level 2. HP: 18/18 MP: 4/4
   674 | D:4      | Reached XP level 3. HP: 23/23 MP: 5/5
   793 | D:4      | HP: 1/23 [poisoned by a worker ant]
   793 | D:4      | Slain by a worker ant

Vault maps used:
D:1:      dpeg_arrival_shrine
D:2:      gammafunk_temple_overflow_wave
D:4:      first_bread, uniq_duvessa, uniq_eustachio

Action                   || total
-------------------------++-------
Melee: Short sword       ||    24
       Dagger            ||     2
Evoke: Wand              ||     9
  Use: Scroll            ||     3
 Stab: Sleeping          ||     6
